 Dungeon Crawl Stone Soup version 0.27-a0-1202-ge72e49191c (webtiles) character file.

Game seed: 11944681709201332711

68 quinnr the Magician (level 4, 0/31 HPs)
             Began as a Djinni Ice Elementalist on June 2, 2021.
             Slain by a gnoll
             ... wielding a +0 spear
              (5 damage)
             ... on level 2 of the Dungeon.
             The game lasted 00:08:22 (2981 turns).

quinnr the Magician (Djinni Ice Elementalist)       Turns: 2981, Time: 00:08:23

Health: 0/31       AC:  2    Str:  7    XL:     4   Next: 41%
Gold:   66         EV: 12    Int: 17    God:
                   SH:  3    Dex: 14

rFire    + + .     SeeInvis .   (no weapon)
rCold    x . .     Faith    .   c - +0 buckler
rNeg     . . .     Spirit   .   a - +0 robe
rPois    ∞         Reflect  .   (no helmet)
rElec    .         Harm     .   (no cloak)
rCorr    .         Rampage  .   (no gloves)
Will     .....                  (boots unavailable)
Stlth    ++........             (no amulet)
HPRegen  0.10/turn              (no ring)
MPRegen  0.00/turn              (no ring)

@: flying, very slightly contaminated
A: sickness immunity, fire resistance 2, cold vulnerability 1, float, innate
caster, hp casting, extra vitality 1
a: no special abilities


You were on level 2 of the Dungeon.
You visited 1 branch of the dungeon, and saw 2 of its levels.

You collected 66 gold pieces.

Inventory:

Missiles
 f - 53 stones
 i - 19 poisoned darts
Armour
 a - a +0 robe (worn)
 c - a +0 buckler (worn)
Jewellery
 g - an amulet of guardian spirit
Scrolls
 b - a scroll of identify {unknown}
 d - a scroll of teleportation {unknown}
 h - a scroll of vulnerability {unknown}
Potions
 e - a potion of might


   Skills:
 - Level 3.0 Dodging
 - Level 2.2 Stealth
 * Level 3.9 Spellcasting


You couldn't memorise any spells.
You knew the following spells:

 Your Spells              Type           Power      Damage    Failure   Level
a - Freeze                Ice            64%        1d8       5%          1
b - Frozen Ramparts       Ice            32%        1d5       16%         3
c - Ozocubu's Armour      Ice            16%        N/A       16%         3
d - Hailstorm             Conj/Ice       16%        3d6       45%         4
e - Metabolic Englaciati  Hex/Ice        8%         N/A       82%         5
f - Magic Dart            Conj           64%        1d6       5%          1
Your spell library was empty.

Dungeon Overview and Level Annotations

Branches:
Dungeon (2/15)

Altars:


Innate Abilities, Weirdness & Mutations

You are immune to sickness and miasma.
You are immune to poison.
Your flesh is very heat resistant. (rF++)
You are vulnerable to cold. (rC-)
You float through the air rather than walking.
You learn spells naturally, not from books.
Your magical power is your life essence.
You have superior vitality. (+4 HP)


Message History

Press: ? - help, Shift-Dir - straight line, f/p - gnoll
Aim: a gnoll, wielding a +0 spear and wearing a +0 scale mail (moderately wounded, 100% to hit)
The magic dart hits the gnoll but does no damage.
The gnoll is moderately wounded.
The gnoll hits you from afar with a +0 spear.
Casting: Magic Dart (safe; 5% risk of failure)
Confirm with . or Enter, or press ? or * to list all spells.
Aiming: Magic Dart (safe; 5% risk of failure)
Press: ? - help, Shift-Dir - straight line, f/p - gnoll
Aim: a gnoll, wielding a +0 spear and wearing a +0 scale mail (moderately wounded, 100% to hit)
The magic dart hits the gnoll but does no damage.
The gnoll is moderately wounded.
The gnoll misses you.
Casting: Magic Dart (safe; 5% risk of failure)
Confirm with . or Enter, or press ? or * to list all spells.
The spell is quite dangerous to cast (16% risk of failure)!
Continue anyway?
Okay, then.
Casting: Ozocubu's Armour (quite dangerous; 16% risk of failure)
Confirm with . or Enter, or press ? or * to list all spells.
The spell is quite dangerous to cast (16% risk of failure)!
Continue anyway?
A film of ice covers your body! The gnoll closely misses you.
Unknown command.
Casting: Ozocubu's Armour (quite dangerous; 16% risk of failure)
Confirm with . or Enter, or press ? or * to list all spells.
The spell is quite dangerous to cast (16% risk of failure)!
Continue anyway?
Casting: Frozen Ramparts (quite dangerous; 16% risk of failure)
Press: ? - help, Dir - look around, f - activate You miscast Frozen Ramparts.
You are very lightly contaminated with residual magic.
Nothing appears to happen.
The gnoll hits you from afar with a +0 spear!
* * * LOW HITPOINT WARNING * * *
Okay, then.
Unknown command.
Your icy armour will break if you move.
Continue?
Your icy armour cracks and falls away as you move.
A bat comes into view.
Found a leather armour.
The gnoll hits you from afar with a +0 spear.
You die...

#.#.###### # ##........#
.# .....####.# ####.b .
##..#####.####.......
....##.........##..#.
###.##.##.#..........
#.....g.#....###.#
####.#######g###.#.##.
#.....# #..@.[.....
######...#.############.
.......#.#.##.....#
....##...#.##.....#
....##............#
>..###.######.<...#
.#####.# #.....#
.......# #######
######.########


You could see a gnoll.

Vanquished Creatures
  3 gnolls
  A worm (D:2)
  2 dart slugs (D:1)
  4 endoplasms
  3 giant cockroaches (D:1)
  3 goblins
  4 hobgoblins
  3 kobolds (D:1)
  2 quokkas (D:1)
  2 ball pythons (D:1)
  A bat (D:1)
  A frilled lizard (D:2)
  2 rats
31 creatures vanquished.

Notes
Turn   | Place    | Note
-------+----------+-------------------------------------------
     0 | D:1      | quinnr the Djinni Ice Elementalist began the quest for the
                  | Orb.
     0 | D:1      | Reached XP level 1. HP: 15/15 MP: 0/0
   172 | D:1      | Reached XP level 2. HP: 20/21 MP: 0/0
   475 | D:1      | HP: 1/21 [gnoll/+0 club (5)]
   478 | D:1      | Reached XP level 3. HP: 2/25 MP: 0/0
   478 | D:1      | Learned a level 1 spell: Magic Dart
  2717 | D:2      | Reached XP level 4. HP: 30/31 MP: 0/0
  2981 | D:2      | Slain by a gnoll

Illustrated notes

Levels and vault maps discovered:
D:1:      evilmike_arrival_come_back, layout_basic, serial_curves,
          eino_curves_03, eino_curves_02
D:2:      layout_loops_cross, uniq_jessica

Skill      XL: |  1  2  3 |
---------------+----------+-----
Stealth        | 2 |  2.2
Dodging        | 3 |  3.0
Spellcasting   | |  3.9

Action                   |  1- 3 |  4- 6 || total
-------------------------+-------+-------++-------
Melee: Unarmed           |     4 |       ||     4
 Cast: Freeze            |    30 |     1 ||    31
       Magic Dart        |    30 |    10 ||    40
       Frozen Ramparts   |     1 |     1 ||     2
       Ozocubu's Armour  |       |     2 ||     2
  Use: Potion            |     1 |       ||     1
Armor: Robe              |     3 |       ||     3
Dodge: Dodged            |    16 |     3 ||    19
Block: Buckler           |     2 |       ||     2

Table legend: (Time is in decaauts)
 A = Elapsed time spent in this place.
 B = Non-inter-level travel time spent in this place.
 C = Inter-level travel time spent in this place.
 D = Time resting spent in this place.
 E = Time spent auto-exploring this place.
 F = Levels seen in this place.
 G = Mean time per level.
                   A        B        C        D        E       F      G
               +--------+--------+--------+--------+--------+-----+--------+
         Total |   2982 |   2741 |    241 |    534 |   1903 |   2 | 1491.0 |
       Dungeon |   2982 |   2741 |    241 |    534 |   1903 |   2 | 1491.0 |
               +--------+--------+--------+--------+--------+-----+--------+

Top non-repeatable levels by time:
     D:1: 2454 daAuts
     D:2: 527 daAuts
